 Dungeon Crawl Stone Soup version 0.17-a0-1508-ge7f3dc3 (webtiles) character file.

1373 amnekian the Slinger (level 8, -7/49 HPs)
             Began as a Halfling Hunter on July 10, 2015.
             Killed from afar by Blork the orc (11 damage)
             ... with a puff of flame
             ... on level 5 of the Dungeon.
             The game lasted 00:33:19 (6079 turns).

amnekian the Slinger (Halfling Hunter)              Turns: 6079, Time: 00:33:19

Health: -7/49      AC:  4    Str: 13    XL:     8   Next: 98%
Magic:  8/8        EV: 17    Int: 10    God:
Gold:   158        SH:  4    Dex: 16    Spells: 0 memorised, 7 levels left

rFire  . . .     SeeInvis .     a - +2 hunting sling (flame)
rCold  . . .     Clarity  .     C - troll hide {Purgy}
rNeg   . . .     SustAt   .     h - +0 buckler
rPois  .         Gourm    .     (no helmet)
rElec  .         Spirit   .     t - +0 cloak
rCorr  .         Warding  .     (no gloves)
rMut   .         Stasis   .     v - +0 pair of boots
MR     .....                    (no amulet)
Stlth  ++........               (no ring)
                                (no ring)

@: not resistant to hostile enchantments, unstealthy
A: mutation resistance 1
a: no special abilities


You were on level 5 of the Dungeon.
You were hungry.

You visited 1 branch of the dungeon, and saw 5 of its levels.

You collected 158 gold pieces.

Inventory:

Hand weapons
 a - a +2 hunting sling of flaming (weapon)
 b - a +0 short sword
 w - a +1 hunting sling
Missiles
 c - 8 sling bullets
 l - 76 stones (quivered)
 x - 15 poisoned needles
Armour
 d - a +0 leather armour
 h - a +0 buckler (worn)
 q - a +0 cloak
 t - a +0 cloak (worn)
 v - a +0 pair of boots (worn)
 C - a troll hide (worn) {Purgy}
Jewellery
 y - a cursed ring of teleportation {unknown}
 z - an uncursed amulet of rage {unknown}
Scrolls
 j - a scroll of identify
 n - 2 scrolls of enchant weapon
 o - a scroll of magic mapping
 r - a scroll of teleportation
 s - a scroll of random uselessness {unknown}
Potions
 g - 2 potions of brilliance
 k - a potion of curing
 m - 2 potions of might
 u - a potion of mutation {unknown}
Comestibles
 e - 5 bread rations
 f - a beef jerky
 i - 4 chunks of flesh
 p - 4 meat rations
 B - 7 fruits


   Skills:
 - Level 1.7 Fighting
 - Level 13.0 Slings
 * Level 6.6 Dodging
 - Level 1.1 Stealth


You had 7 spell levels left.
You didn't know any spells.

Dungeon Overview and Level Annotations

Branches:
Dungeon (5/15)
 Temple: D:4-7

Altars:
Ashenzari
Dithmenos
Elyvilon
Makhleb
Qazlal
Ru
Sif Muna

Shops:
D:5 [

Annotations:
D:5 Blork the orc


Innate Abilities, Weirdness & Mutations

You are small and have problems with some larger weapons.
You are somewhat resistant to further mutation.


Message History

There is a stone staircase leading down here.
You are feeling hungry.
A magic dart appears from out of thin air!
The magic dart hits you!
A puff of flame appears from out of thin air!
The puff of flame hits you!
A magic dart appears from out of thin air!
The magic dart hits you!
* * * LOW HITPOINT WARNING * * *
A puff of flame appears from out of thin air!
The puff of flame hits you!
* * * LOW HITPOINT WARNING * * *
Read which item? (? for menu, Esc to quit)
Okay, then.
A puff of flame appears from out of thin air!
The puff of flame hits you!
* * * LOW HITPOINT WARNING * * *
A puff of flame appears from out of thin air!
The puff of flame hits you!
You die...

#(..## #..# ##..##
## ##...##
#..#####.)## #
##.>.# #.........#
# ##..##
##.......## ##..##
#.....### ##..###
####### #
##...##############
#
##........##.....##
##
##....{..@.......#
#.
##.......[......#
##.
####...........#
##.. ###....)....##
##...
########...####...#
##........##
###....### ######


There were no monsters in sight!

Vanquished Creatures
  Grinder (D:5)
  Purgy (D:4)
  A centaur (D:4)
  2 ogres
  A phantom (D:4)
  A scorpion (D:4)
  2 hounds
  A giant frog skeleton (D:4)
  7 orc priests
  3 orc wizards
  Jessica (D:2)
  2 worker ants (D:4)
  6 adders
  3 gnolls (D:5)
  A shadow imp (D:5)
  4 oozes
  An adder zombie (D:5)
  2 worms
  2 giant geckos
  13 orcs
  3 ball pythons
  A bat skeleton (D:4)
  4 giant cockroaches
  19 goblins
  14 hobgoblins
  3 jackals
  10 bats
  3 giant newts
  9 kobolds
  3 quokkas
  10 rats
  A plant (D:4)
135 creatures vanquished.

Notes
Turn   | Place    | Note
--------------------------------------------------------------
     0 | D:1      | amnekian the Halfling Hunter began the quest for the Orb.
     0 | D:1      | Reached XP level 1. HP: 14/14 MP: 1/1
    69 | D:1      | Reached skill level 6 in Slings
   321 | D:1      | You fall through a shaft!
   455 | D:2      | Noticed Jessica
   465 | D:2      | Killed Jessica
   465 | D:2      | Reached skill level 7 in Slings
   465 | D:2      | Reached XP level 2. HP: 8/19 MP: 2/2
   465 | D:2      | Reached XP level 3. HP: 10/24 MP: 3/3
   935 | D:1      | Reached XP level 4. HP: 26/29 MP: 4/4
  1329 | D:1      | Reached skill level 8 in Slings
  2028 | D:2      | Found a white marble altar of Elyvilon.
  2029 | D:2      | Found a stormy altar of Qazlal.
  2372 | D:2      | Found a sacrificial altar of Ru.
  2967 | D:3      | Found a burning altar of Makhleb.
  3002 | D:3      | Reached skill level 9 in Slings
  3002 | D:3      | Reached XP level 5. HP: 9/34 MP: 5/5
  3175 | D:3      | Found a white marble altar of Elyvilon.
  3275 | D:3      | Reached XP level 6. HP: 37/39 MP: 6/6
  3326 | D:3      | Reached skill level 10 in Slings
  3647 | D:3      | Found a shattered altar of Ashenzari.
  3843 | D:4      | Found a shadowy altar of Dithmenos.
  3914 | D:4      | Reached skill level 11 in Slings
  3914 | D:4      | Reached XP level 7. HP: 44/44 MP: 7/7
  4081 | D:4      | Found a deep blue altar of Sif Muna.
  4383 | D:4      | Reached skill level 12 in Slings
  4944 | D:4      | Reached XP level 8. HP: 49/49 MP: 8/8
  4971 | D:4      | Noticed Purgy
  4978 | D:4      | Killed Purgy
  4978 | D:4      | Reached skill level 13 in Slings
  5524 | D:5      | Entered Level 5 of the Dungeon
  5647 | D:5      | Reached skill level 5 in Dodging
  5799 | D:5      | Found Foal's Antique Armour Shoppe.
  6035 | D:5      | Noticed Grinder
  6044 | D:5      | Noticed Blork the orc
  6046 | D:5      | Killed Grinder
  6079 | D:5      | Killed from afar by Blork the orc

Vault maps used:
D:1:      sevenhm_arrival_forest_fort_small_3, serial_glass, glass_columns_a,
          glass_columns_a, minmay_misc_feat_rows, minivault_27,
          minmay_misc_feat_pillars
D:2:      gammafunk_temple_overflow_pools, nicolae_overflow_crystal_walls,
          uniq_jessica
D:3:      nicolae_overflow_hidden_temple, lemuel_crystal_altar, elyvilon_altar_4
D:4:      led_sif_book, nicolae_dithmenos_the_darkroom,
          guppyfry_early_lair_pool, uniq_purgy
D:5:      first_bread, serial_shops, nicolae_shop_overgrown_old_shop,
          hangedman_feature_mirror, uniq_grinder, uniq_blork_the_orc

Action                   |  1- 3 |  4- 6 |  7- 9 || total
-------------------------+-------+-------+-------++-------
Melee: Short sword       |    50 |    66 |    46 ||   162
 Fire: Hunting sling     |     9 |   160 |   225 ||   394
  Use: Scroll            |       |       |    10 ||    10
       Potion            |       |       |     1 ||     1
 Stab: Sleeping          |     2 |       |       ||     2
  Eat: Chunk             |       |     9 |     6 ||    15
